 Dungeon Crawl Stone Soup version 0.22-a0-430-g6609fc6 (webtiles) character file.

121 George the Slasher (level 4, 0/39 HPs)
             Began as a Minotaur Fighter on May 26, 2018.
             Killed by divine providence
             ... invoked by an orc priest
              (10 damage)
             ... on level 3 of the Dungeon.
             The game lasted 00:01:45 (1714 turns).

George the Slasher (Minotaur Fighter)               Turns: 1714, Time: 00:01:46

Health: 0/39       AC:  9    Str: 22    XL:     4   Next: 77%
Magic:  3/3        EV:  5    Int:  5    God:
Gold:   127        SH:  9    Dex:  9    Spells: 3/3 levels left

rFire    . . .     SeeInvis .   a - +0 long sword
rCold    . . .     Gourm    .   c - +0 shield
rNeg     . . .     Faith    .   i - +0 chain mail
rPois    .         Spirit   .   (helmet restricted)
rElec    .         Reflect  .   (no cloak)
rCorr    .         Harm     .   (no gloves)
MR       .....                  (no boots)
Stlth    ..........             (no amulet)
HPRegen  0.13/turn              (no ring)
MPRegen  0.08/turn              (no ring)

@: no status effects
A: retaliatory headbutt, horns 2
a: no special abilities


You were on level 3 of the Dungeon.
You were not hungry.

You visited 1 branch of the dungeon, and saw 3 of its levels.

You collected 127 gold pieces.

Inventory:

Hand Weapons
 a - a +0 long sword (weapon)
Armour
 c - a +0 shield (worn)
 i - a +0 chain mail (worn)
Scrolls
 b - 2 scrolls of identify {unknown}
 e - 3 scrolls of teleportation {unknown}
 g - a scroll of fear {unknown}
 j - a scroll of random uselessness {unknown}
 k - a scroll of remove curse {unknown}
Potions
 d - a potion of might
 h - a potion of lignification {unknown}
 l - a potion of heal wounds {unknown}
Comestibles
 f - 5 rations
 m - a chunk of flesh


   Skills:
 - Level 3.6 Fighting
 + Level 6.1 Long Blades
 - Level 3.6 Armour
 - Level 3.6 Shields


You had 3 spell levels left.
You didn't know any spells.
Your spell library was empty.

Dungeon Overview and Level Annotations

Branches:
Dungeon (3/15)

Altars:
Fedhas
Yredelemnul

Annotations:
D:2 exclusion: oklob plant


Innate Abilities, Weirdness & Mutations

You reflexively headbutt those who attack you in melee.
You have a pair of horns on your head.


Message History

The orc hits you but does no damage.
You closely miss the orc priest.
The orc priest is heavily wounded.
The orc priest hits you but does no damage.
The orc barely misses you.
You barely miss the orc priest.
The orc priest is heavily wounded.
You block the orc priest's attack.
The orc hits you from afar with a trident.
* * * LOW HITPOINT WARNING * * *
Your chain mail prevents you from hitting the orc priest.
Your headbutt misses the orc priest.
The orc priest is heavily wounded.
The orc priest completely misses you. The orc hits you but does no damage.
You hit the orc priest.
You headbutt the orc priest, but do no damage.
The orc priest is severely wounded.
The orc priest mumbles some strange prayers to Beogh against you.
Beogh smites you!
You die...

### #.# #...# ..# #.#
#.... #.# #.# ##..#
########.# #.# ### #..#
......[..#####[###.###†.#
#...))......†....##...
#.###o#####.###.#.#.##
#o# #.# #.....## #@# #.#
#....>.. #.# #.##........
########.# #.###.....##
.......).#####.# #....##
########[......# #.#.##
######### #.#.# #.#.#


You could see an orc priest and an orc.

Vanquished Creatures
  5 adders
  2 oozes
  3 dart slugs
  3 leopard geckos
  3 orcs (D:3)
  A ball python (D:2)
  4 giant cockroaches
  5 goblins
  2 hobgoblins (D:1)
  7 jackals
  3 kobolds
  2 quokkas
  3 bats
  7 frilled lizards
  7 rats
57 creatures vanquished.

Notes
Turn   | Place    | Note
-------+----------+-------------------------------------------
     0 | D:1      | George the Minotaur Fighter began the quest for the Orb.
     0 | D:1      | Reached XP level 1. HP: 19/19 MP: 0/0
   100 | D:1      | Reached skill level 3 in Long Blades
   101 | D:1      | Reached XP level 2. HP: 21/26 MP: 1/1
   245 | D:1      | Reached skill level 4 in Long Blades
   745 | D:2      | Reached XP level 3. HP: 28/31 MP: 2/2
   895 | D:2      | Found a blossoming altar of Fedhas.
   918 | D:2      | Noticed an oklob plant
  1027 | D:2      | Found a faded altar of an unknown god.
  1083 | D:2      | Reached skill level 5 in Long Blades
  1215 | D:2      | Reached XP level 4. HP: 32/39 MP: 3/3
  1241 | D:2      | Found a basalt altar of Yredelemnul.
  1678 | D:3      | Reached skill level 6 in Long Blades
  1714 | D:3      | Killed from afar by an orc priest

Vault maps used:
D:1:      minmay_arrival_semitransparent, hangedman_decor_push
D:2:      lemuel_crystal_altar, chequers_ecumenical_altar_simple_redux,
          tgw_fedhas

Skill      XL: |  1  2  3  4 |
---------------+-------------+-----
Long Blades    | 3 4 5 6 |  6.1
Fighting       | |  3.6
Armour         | |  3.6
Shields        | |  3.6

Action                   |  1- 3 |  4- 6 || total
-------------------------+-------+-------++-------
Melee: Long sword        |   116 |    58 ||   174
       Headbutt          |    15 |     9 ||    24
  Eat: Chunk             |       |     3 ||     3
Armor: Scale mail        |    21 |       ||    21
       Chain mail        |    32 |    38 ||    70
Dodge: Dodged            |    30 |    17 ||    47
Block: Shield            |    65 |    40 ||   105
       Rpst.: Long sword |     9 |     2 ||    11

Table legend:
 A = Spawn XP
 B = Non-spawn XP
 C = Spawn XP percentage of total XP
 D = Spawn monster count
 E = Non-spawn monster count
 F = Spawn count percentage of total count
 G = Total turns spent on level
                    A         B        C        D         E        F      G
               +---------+---------+-------+---------+---------+-------+---------
         Total |       0 |     174 |   0.0 |       0 |      57 |   0.0 |  1714
               +---------+---------+-------+---------+---------+-------+---------
           D:1 |       0 |      38 |   0.0 |       0 |      19 |   0.0 |   737
           D:2 |       0 |      85 |   0.0 |       0 |      21 |   0.0 |   871
           D:3 |       0 |      51 |   0.0 |       0 |      17 |   0.0 |   106
               +---------+---------+-------+---------+---------+-------+---------
